 Dungeon Crawl Stone Soup version 0.28.0-45-g0d030f2227 (webtiles) character file.

Game seed: 12520433608621234022

270 protoss039 the Digger (level 6, -26/38 HPs)
             Began as a Gargoyle Earth Elementalist on May 17, 2022.
             Killed from afar by Ijyb (33 damage)
             ... with a bolt of acid
             ... on level 4 of the Dungeon.
             The game lasted 00:07:36 (4979 turns).

protoss039 the Digger (Gargoyle Earth Elementalist) Turns: 4979, Time: 00:07:36

Health: -26/38     AC:  8    Str: 14 (17) XL:     6   Next: 22%
Magic:  6/10       EV: 11    Int: 15 (18) God:
Gold:   78         SH:  0    Dex:  9 (10) Spells: 5/11 levels left

rFire   x . .      SeeInvis .   h - +0 dagger
rCold   + . .      Faith    .   (no shield)
rNeg    + . .      Spirit   .   k - +0 leather armour
rPois   ∞          Reflect  .   r - +0 helmet
rElec   +          Harm     .   (no cloak)
rCorr   .          Rampage  .   (no gloves)
Will    .....                   (no boots)
Stlth   +.........              (no amulet)
HPRegen 0.12/turn               d - ring of ice
MPRegen 0.12/turn               f - +6 ring of strength

@: no status effects
A: sickness immunity, AC +4, negative energy resistance 1, electricity
resistance, torment resistance 1, petrification resistance
a: no special abilities


You were on level 4 of the Dungeon.
You visited 1 branch of the dungeon, and saw 4 of its levels.

You collected 78 gold pieces.

Inventory:

Hand Weapons
 h - a +0 dagger (weapon)
Missiles
 c - 51 stones
Armour
 b - a +0 robe
 k - a +0 leather armour (worn)
 r - a +0 helmet (worn)
Jewellery
 d - a ring of ice (left hand)
 f - a +6 ring of strength (right hand)
Scrolls
 a - a scroll of magic mapping {unknown}
 i - 2 scrolls of identify
 j - a scroll of amnesia {unknown}
 l - a scroll of acquirement {unknown}
 n - a scroll of immolation {unknown}
 p - a scroll of enchant armour {unknown}
 q - 3 scrolls of fear
Potions
 e - a potion of ambrosia {unknown}
 g - a potion of might {unknown}
 m - 2 potions of curing {unknown}
 o - 2 potions of degeneration


   Skills:
 * Level 4.2 Fighting
 - Level 1.5 Dodging
 - Level 2.1 Stealth
 + Level 3.1 Spellcasting
 + Level 1.6 Conjurations
 - Level 1.0 Transmutations
 + Level 5.0 Earth Magic


You had 5 spell levels left.
You knew the following spells:

 Your Spells              Type           Power      Damage    Failure   Level
a - Sandblast             Erth           34%        2d9       3%          1
b - Passwall              Tmut/Erth      9%         N/A       11%         2
c - Stone Arrow           Conj/Erth      24%        3d8       19%         3

Your spell library contained the following spells:

 Spells                   Type           Power      Damage    Failure   Level
 Petrify                  Tmut/Erth      11%        N/A       58%         4


Dungeon Overview and Level Annotations

Branches:
Dungeon (4/15)             Temple (0/1) D:4

Altars:

Shops:
D:3 ?

Annotations:
D:4 Ijyb


Innate Abilities, Weirdness & Mutations

You are immune to sickness and miasma.
Your stone body is resilient. (AC +4)
You are immune to poison.
You resist negative energy. (rN+)
You are resistant to electric shocks. (rElec)
You are resistant to unholy torment.
You are immune to petrification.


Message History

Confirm with . or Enter, or press ? or * to list all spells.
Aiming: Sandblast (safe; 2% risk of failure)
Press: ? - help, Shift-Dir - straight line, f - Ijyb
Aim: Ijyb, wielding a +0 dagger, wearing a +0 chain mail and carrying a wand of acid (14) (81% to hit)
The blast of sand hits Ijyb but does no damage.
Unknown command.
Casting: Sandblast (safe; 2% risk of failure)
Confirm with . or Enter, or press ? or * to list all spells.
Aiming: Sandblast (safe; 2% risk of failure)
Press: ? - help, Shift-Dir - straight line, f/p - Ijyb
Aim: Ijyb, wielding a +0 dagger, wearing a +0 chain mail and carrying a wand of acid (14) (81% to hit)
The blast of sand hits Ijyb but does no damage.
Ijyb hits you with a +0 dagger.
Unknown command.
Casting: Sandblast (safe; 2% risk of failure)
Confirm with . or Enter, or press ? or * to list all spells.
Aiming: Sandblast (safe; 2% risk of failure)
Press: ? - help, Shift-Dir - straight line, f/p - Ijyb
Aim: Ijyb, wielding a +0 dagger, wearing a +0 chain mail and carrying a wand of acid (14) (81% to hit)
The blast of sand hits Ijyb!
Ijyb is moderately wounded.
Ijyb hits you with a +0 dagger.
Unknown command.
Casting: Sandblast (safe; 2% risk of failure)
Confirm with . or Enter, or press ? or * to list all spells.
Aiming: Sandblast (safe; 2% risk of failure)
Press: ? - help, Shift-Dir - straight line, f/p - Ijyb
Aim: Ijyb, wielding a +0 dagger, wearing a +0 chain mail and carrying a wand of acid (14) (moderately wounded, 81% to hit)
The blast of sand hits Ijyb but does no damage.
Ijyb is moderately wounded.
Ijyb zaps a wand.
The bolt of acid hits you!!
Ouch! That really hurt!
* * * LOW HITPOINT WARNING * * *
Unknown command.
It was a potion of degeneration.
There was something very wrong with that liquid.
You feel weakened.
You feel dopey.
You feel clumsy.
Ijyb zaps a wand.
The bolt of acid hits you!!
Ouch! That really hurt!
You die...

##......# #.... #....
#..> ##.......# #..##
#.##.. #... #........#
#..# #..# ..g.
#........### ..####...
.g##
#..........####..#...#
#
#.##...#.............#
#
####..##.###.........##
.. ###..###.#
#..g.....# ...
#...####.###
##@##...... #...
#.#.##.....###..##
..... #..
###..............# ....
#.#.......####..# .g.
#.##......# #.... ..
..###....## #.... .
..## #...## ..... .#.
....^.# ...) ####
......... ###.


You could see Ijyb.

Vanquished Creatures
  An ogre (D:4)
  A howler monkey (D:3)
  A howler monkey zombie (D:2)
  Robin (D:4)
  2 gnolls (D:3)
  3 adders
  An adder zombie (D:2)
  2 dart slugs (D:1)
  7 ball pythons
  3 bats (D:2)
  A bat zombie (D:2)
  3 endoplasms (D:2)
  4 giant cockroaches
  15 goblins
  6 hobgoblins
  6 jackals
  4 kobolds
  3 quokkas
  A ball python skeleton (D:2)
  4 frilled lizards
  2 rats (D:1)
71 creatures vanquished.

Vanquished Creatures (others)
  2 plants (D:3)
  2 withered plants (D:2)
4 creatures vanquished.

Grand Total: 75 creatures vanquished

Notes
Turn   | Place    | Note
-------+----------+-------------------------------------------
     0 | D:1      | protoss039 the Gargoyle Earth Elementalist began the quest
                  | for the Orb.
     0 | D:1      | Reached XP level 1. HP: 10/10 MP: 3/3
   388 | D:1      | Reached skill level 1 in Transmutations
   452 | D:1      | Reached XP level 2. HP: 16/16 MP: 5/5
   502 | D:1      | Reached skill level 1 in Fighting
  1192 | D:1      | Learned a level 2 spell: Passwall
  1256 | D:2      | Reached skill level 4 in Earth Magic
  1279 | D:2      | Reached XP level 3. HP: 12/21 MP: 6/6
  2194 | D:2      | Reached XP level 4. HP: 25/27 MP: 7/7
  2576 | D:2      | Found a faded altar of an unknown god.
  3114 | D:3      | Learned a level 3 spell: Stone Arrow
  3351 | D:3      | Reached XP level 5. HP: 31/32 MP: 9/9
  3393 | D:3      | Found Uhyorelu's Magic Scroll Boutique.
  3948 | D:4      | Noticed Robin
  4198 | D:4      | Noticed Ijyb
  4199 | D:4      | Found a staircase to the Ecumenical Temple.
  4216 | D:3      | Reached skill level 1 in Conjurations
  4667 | D:4      | Noticed an ogre
  4674 | D:4      | Killed an ogre
  4675 | D:4      | Reached skill level 5 in Earth Magic
  4675 | D:4      | Reached XP level 6. HP: 16/38 MP: 1/10
  4791 | D:4      | Killed Robin
  4979 | D:4      | Killed from afar by Ijyb

Illustrated notes

Levels and vault maps discovered:
D:1:      lemuel_arrival_broad_hall, layout_rooms
D:2:      layout_loops_corners, basic_ecumenical_altar, serial_undead,
          serial_undead_c, serial_undead_c, serial_undead_e, serial_undead_b
D:3:      layout_loops_ring, serial_shops, shop, guppyfry_early_lair_pool
D:4:      layout_layer_cave, minmay_temple_entry_tees,
          gammafunk_ghost_stat_death, st_stairs_7, nicolae_shop_self_help,
          uniq_eustachio, uniq_robin, uniq_ijyb

Skill      XL: |  1  2  3  4  5 |
---------------+----------------+-----
Transmutations | 1 |  1.0
Fighting       | 1 2 3 4 |  4.2
Earth Magic    | 4 5 |  5.0
Conjurations   | 1 |  1.6
Spellcasting   | 3 |  3.1
Dodging        | |  1.5
Stealth        | |  2.1

Action                   |  1- 3 |  4- 6 || total
-------------------------+-------+-------++-------
Melee: Unarmed           |    42 |       ||    42
       Dagger            |   143 |   150 ||   293
       Punch             |     1 |     2 ||     3
 Cast: Sandblast         |    24 |    29 ||    53
       Stone Arrow       |       |     2 ||     2
  Use: Scroll            |       |     1 ||     1
       Potion            |       |     1 ||     1
 Stab: Sleeping          |     3 |     1 ||     4
Armor: Robe              |    96 |     4 ||   100
       Leather armour    |       |    46 ||    46
Dodge: Dodged            |   157 |    78 ||   235
